 Dungeon Crawl Stone Soup version 0.21.0-3-g78d12a8 (webtiles) character file.

168 Haldmier the Ogre Mage (level 5, 0/49 HPs)
             Began as an Ogre Wizard on Jan 16, 2018.
             Succumbed to a worker ant's poison
             ... on level 4 of the Dungeon.
             The game lasted 00:14:43 (3962 turns).

Haldmier the Ogre Mage (Ogre Wizard)                Turns: 3962, Time: 00:14:45

Health: 0/49       AC:  3    Str: 12    XL:     5   Next: 48%
Magic:  11/11      EV: 10    Int: 19    God:
Gold:   202        SH:  0    Dex:  7    Spells: 4/12 levels left

rFire    . . .     SeeInvis .   f - +2 flail (crush)
rCold    . . .     Gourm    .   (no shield)
rNeg     . . .     Faith    .   a - +0 robe
rPois    .         Spirit   .   b - +0 hat
rElec    .         Reflect  .   (no cloak)
rCorr    .         Harm     .   (gloves unavailable)
MR       .....                  (boots unavailable)
Stlth    +.........             (no amulet)
HPRegen  0.16/turn              (no ring)
MPRegen  0.12/turn              (no ring)

@: lethally poisoned (0 -> -18), very slightly contaminated
A: large, unfitting armour, tough skin 1
a: no special abilities


You were on level 4 of the Dungeon.
You were hungry.

You visited 1 branch of the dungeon, and saw 4 of its levels.

You collected 202 gold pieces.

Inventory:

Hand Weapons
 e - a +0 club
 f - a +2 flail of crushing (weapon)
 q - a +0 whip
 s - a +1 flail of protection
Armour
 a - a +0 robe (worn)
 b - a +0 hat (worn)
 t - a +0 shield
Scrolls
 g - a scroll of blinking
 h - a scroll of identify {unknown}
 i - 2 scrolls of remove curse
 j - a scroll of magic mapping {unknown}
 k - a scroll of immolation
 l - a scroll of amnesia
 m - 2 scrolls of teleportation
 o - a scroll of enchant armour {unknown}
 p - a scroll of noise
 u - a scroll of fog {unknown}
Potions
 r - a potion of brilliance {unknown}
 w - a potion of curing {unknown}
 z - a potion of heal wounds {unknown}
Books
 c - a book of Minor Magic

   Spells                             Type                      Level
   a - Magic Dart                     Conjuration                  1
   b - Blink                          Translocation                2
   c - Call Imp                       Summoning                    2
   d - Slow                           Hexes                        2
   e - Conjure Flame                  Conjuration/Fire             3
   f - Mephitic Cloud                 Conjuration/Poison/Air       3
Comestibles
 d - 5 rations


   Skills:
 + Level 1.9 Fighting
 * Level 1.9 Maces & Flails
 - Level 2.1 Dodging
 - Level 1.4 Stealth
 - Level 4.0 Spellcasting
 * Level 2.4 Conjurations
 + Level 1.5 Summonings
 + Level 1.4 Translocations
 + Level 0.8 Fire Magic


You had 4 spell levels left.
You knew the following spells:

 Your Spells              Type           Power        Failure   Level  Hunger
a - Magic Dart            Conj           ##..         4%          1    None
b - Blink                 Tloc           N/A          12%         2    ##.....
c - Call Imp              Summ           #.......     11%         2    ##.....
d - Conjure Flame         Conj/Fire      ##......     22%         3    ###....


Dungeon Overview and Level Annotations

Branches:
Dungeon (4/15)
 Temple: D:4-7

Altars:
Gozag


Innate Abilities, Weirdness & Mutations

You are too large for most types of armour.
You have tough skin. (AC +1)


Message History

* * * LOW HITPOINT WARNING * * *
You feel sick.
As you read the scroll labeled BEFFISHRIES, it crumbles to dust.
You hear a loud clanging noise!
It was a scroll of noise.
* * * LOW HITPOINT WARNING * * *
You feel sick.
You hear an angry hiss. x2
As you read the scroll labeled XUKEUWK CERO, it crumbles to dust.
The air around you briefly surges with heat, but it dissipates.
It was a scroll of immolation.
* * * LOW HITPOINT WARNING * * *
You feel sick.
As you read the scroll labeled SISKYNL VUTO, it crumbles to dust.
It is a scroll of amnesia.
Okay, then.
* * * LOW HITPOINT WARNING * * *
You feel sick.
It was a potion of magic.
Magic courses through your body.
You die... . #. .. .# .# .# #.####†###### #(..@<....... ######.###### .# (# ##

There were no monsters in sight!

Vanquished Creatures
  An orc wizard (D:3)
  A worker ant (D:4)
  3 adders
  A gnoll (D:3)
  An ooze (D:1)
  A worm (D:2)
  2 dart slugs
  6 leopard geckos
  5 bats
  3 giant cockroaches
  5 goblins (D:3)
  5 hobgoblins
  4 jackals (D:3)
  7 kobolds
  2 quokkas (D:3)
  2 ball pythons
  5 frilled lizards
  2 rats
56 creatures vanquished.

Vanquished Creatures (collateral kills)
  A gnoll (D:2)
1 creature vanquished.

Grand Total: 57 creatures vanquished

Notes
Turn   | Place    | Note
-------+----------+-------------------------------------------
     0 | D:1      | Haldmier the Ogre Wizard began the quest for the Orb.
     0 | D:1      | Reached XP level 1. HP: 16/16 MP: 5/5
    48 | D:1      | Reached skill level 1 in Conjurations
   167 | D:1      | Reached XP level 2. HP: 24/24 MP: 2/6
   172 | D:1      | Learned a level 2 spell: Blink
   175 | D:1      | Learned a level 2 spell: Call Imp
   442 | D:1      | Reached skill level 1 in Summonings
   751 | D:1      | Reached skill level 1 in Translocations
   905 | D:1      | Reached XP level 3. HP: 28/32 MP: 4/8
  1124 | D:2      | Learned a level 3 spell: Conjure Flame
  1366 | D:2      | Reached skill level 1 in Fighting
  1576 | D:2      | Reached skill level 1 in Maces & Flails
  1633 | D:2      | Reached XP level 4. HP: 41/41 MP: 2/9
  3086 | D:3      | Found an opulent altar of Gozag.
  3103 | D:3      | Reached skill level 4 in Spellcasting
  3103 | D:3      | Reached XP level 5. HP: 41/48 MP: 0/11
  3651 | D:3      | HP: 2/48 [something (2)]
  3961 | D:4      | HP: 2/49 [poisoned by a worker ant]
  3962 | D:4      | Succumbed to a worker ant's poison

Skill      XL: |  1  2  3  4 |
---------------+-------------+-----
Conjurations   | 1 2 |  2.4
Dodging        | 2 |  2.1
Summonings     | 1 |  1.5
Translocations | 1 |  1.4
Fighting       | 1 |  1.9
Maces & Flails | 1 |  1.9
Spellcasting   | 4 |  4.0
Stealth        | |  1.4
Fire Magic     | |  0.8

Action                   |  1- 3 |  4- 6 || total
-------------------------+-------+-------++-------
Melee: Unarmed           |     3 |       ||     3
       Club              |     4 |    17 ||    21
       Flail             |       |    42 ||    42
 Cast: Magic Dart        |    87 |    65 ||   152
       Call Imp          |       |     4 ||     4
       Blink             |       |     3 ||     3
  Use: Scroll            |       |     6 ||     6
       Potion            |       |     2 ||     2
 Stab: Sleeping          |       |     1 ||     1
  Eat: Chunk             |     2 |     7 ||     9
Armor: Robe              |     1 |    13 ||    14
Dodge: Dodged            |    12 |    47 ||    59
